 Dungeon Crawl Stone Soup version 0.25.1-2-g60ff931df9 (webtiles) character file.

Game seed: 12437909160625309399

410 DogServant the Slasher (level 6, 1/47 HPs)
             Began as a Merfolk Gladiator on Nov 8, 2020.
             Quit the game on level 3 of the Dungeon.
             The game lasted 00:04:32 (3482 turns).

DogServant the Slasher (Merfolk Gladiator)          Turns: 3482, Time: 00:04:33

Health: 1/47       AC:  5    Str: 17    XL:     6   Next: 89%
Magic:  6/6        EV: 15    Int:  7    God:
Gold:   156        SH:  0    Dex: 15    Spells: 5/5 levels left

rFire    . . .     SeeInvis .   a - +1 long sword
rCold    . . .     Gourm    .   (no shield)
rNeg     . . .     Faith    .   b - +0 leather armour
rPois    .         Spirit   .   c - +0 helmet
rElec    .         Reflect  .   (no cloak)
rCorr    .         Harm     .   (no gloves)
MR       .....                  o - +0 pair of boots
Stlth    +.........             (no amulet)
HPRegen  0.15/turn              (no ring)
MPRegen  0.10/turn              (no ring)

@: lethally poisoned (1 -> -1), very slightly contaminated, slowed, very slow
A: change form in water, swift swim, stealthy swim
a: no special abilities


You were on level 3 of the Dungeon.
You were hungry.

You visited 1 branch of the dungeon, and saw 4 of its levels.

You collected 156 gold pieces.

Inventory:

Hand Weapons
 a - a +1 long sword (weapon)
Missiles
 i - 11 poisoned darts (quivered)
Armour
 b - a +0 leather armour (worn)
 c - a +0 helmet (worn)
 o - a +0 pair of boots (worn)
Jewellery
 p - an uncursed amulet of reflection
Wands
 d - a wand of flame (16)
 g - a wand of acid (7)
 n - a wand of paralysis (6)
Scrolls
 k - 3 scrolls of remove curse
 q - a scroll of identify
Comestibles
 f - 10 rations


   Skills:
 + Level 3.0 Fighting
 * Level 6.8 Long Blades
 - Level 2.0 Throwing
 + Level 6.3 Dodging


You had 5 spell levels left.
You didn't know any spells.
Your spell library was empty.

Dungeon Overview and Level Annotations

Branches:
Dungeon (4/15)
 Temple: D:4-7

Altars:
Ashenzari
Cheibriados
Makhleb
Okawaru
Trog
Zin
The Shining One


Message History

You slash the worker ant!
You kill the worker ant!
The orc wizard hits you with a +0 dagger.
* * * LOW HITPOINT WARNING * * *
The orc wizard hits you with a +0 dagger.
* * * LOW HITPOINT WARNING * * *
You aren't carrying any potions.
Okay, then.
Evoke which item? (* to show all) (? for menu, Esc to quit)
Aiming: Corrosive Bolt
Press: ? - help, Shift-Dir - straight line, f - orc wizard
Aim: an orc wizard, wielding a +0 dagger and wearing a +0 robe (heavily wounded, fast)
The bolt of acid hits the orc wizard!
The orc wizard is splashed with acid.
The acid corrodes the orc wizard!
You kill the orc wizard!
Your Fighting skill increases to level 3!
There is a lethal amount of poison in your body!
You aren't carrying any potions.
Okay, then.
Are you sure you want to abandon this character and quit the game? (Confirm with "yes".)

########## #........#
#.....[..#
###........#######
#@†...............
#)#.........######
#########.#########.#
#...........# #.#
#...........#######.######
#.................<.......
#...........#######'######
#...........# #.....####
#...........# #.........


There were no monsters in sight!

Vanquished Creatures
  A crimson imp (D:3)
  A hound (D:4)
  An orc priest (D:4)
  An iguana (D:2)
  2 orc wizards (D:3)
  Jessica (D:3)
  Ijyb (D:3)
  A worker ant (D:3)
  6 adders
  2 oozes
  3 worms
  4 leopard geckos
  7 orcs
  7 bats
  4 giant cockroaches
  4 goblins
  6 hobgoblins
  7 jackals
  8 kobolds
  A quokka (D:3)
  3 ball pythons
  4 frilled lizards
  10 rats
85 creatures vanquished.

Notes
Turn   | Place    | Note
-------+----------+-------------------------------------------
     0 | D:1      | DogServant the Merfolk Gladiator began the quest for the
                  | Orb.
     0 | D:1      | Reached XP level 1. HP: 16/16 MP: 1/1
   169 | D:1      | Reached XP level 2. HP: 20/22 MP: 2/2
   400 | D:1      | Reached XP level 3. HP: 26/27 MP: 3/3
  1040 | D:2      | Reached skill level 5 in Dodging
  1040 | D:2      | Reached XP level 4. HP: 10/33 MP: 4/4
  1269 | D:2      | Reached skill level 5 in Long Blades
  1574 | D:2      | Found a burning altar of Makhleb.
  1928 | D:3      | Noticed Ijyb
  1946 | D:3      | Killed Ijyb
  1946 | D:3      | Reached XP level 5. HP: 24/38 MP: 5/5
  2329 | D:3      | Reached XP level 6. HP: 44/44 MP: 6/6
  2364 | D:3      | Found a faded altar of an unknown god.
  2386 | D:3      | Noticed Jessica
  2394 | D:3      | Killed Jessica
  2409 | D:3      | Found an iron altar of Okawaru.
  2410 | D:3      | Found a glowing golden altar of the Shining One.
  2410 | D:3      | Found a bloodstained altar of Trog.
  2410 | D:3      | Found a glowing silver altar of Zin.
  2427 | D:3      | Found a shattered altar of Ashenzari.
  2432 | D:3      | Found a snail-covered altar of Cheibriados.
  3480 | D:3      | HP: 1/46 [orc wizard/+0 dagger (2)]
  3482 | D:3      | Quit the game

Illustrated notes

Levels and vault maps discovered:
D:1:      sevenhm_arrival_forest_fort_large_4, layout_rooms, minmay_circled_x
D:2:      layout_rooms, bloody_makhleb
D:3:      layout_basic, minmay_overflow_temple_hex, first_ration,
          chequers_ecumenical_altar_simple_redux, uniq_jessica, uniq_ijyb
D:4:      layout_gridville

Skill      XL: |  1  2  3  4  5  6 |
---------------+-------------------+-----
Long Blades    | 4 5 6 |  6.8
Dodging        | 5 6 |  6.3
Fighting       | 3 |  3.0
Throwing       | |  2.0

Action                   |  1- 3 |  4- 6 || total
-------------------------+-------+-------++-------
Melee: Long sword        |    77 |   211 ||   288
Throw: Throwing net      |     2 |     1 ||     3
Evoke: Wand              |       |     3 ||     3
  Use: Potion            |       |     5 ||     5
       Scroll            |       |     4 ||     4
 Stab: Paralysed         |       |     9 ||     9
       Sleeping          |       |     2 ||     2
  Eat: Chunk             |       |     8 ||     8
Armor: Leather armour    |    22 |    65 ||    87
Dodge: Dodged            |    80 |   205 ||   285
       Rpst.: Long sword |    23 |    55 ||    78
